 Dungeon Crawl Stone Soup version 0.29.1-12-g30fa7ad0bf (webtiles) character file.

Game seed: 15163992961555619232

55 RapScallion the Trooper (level 3, -5/33 HPs)
             Began as a Hill Orc Fighter on Jan 19, 2023.
             Blown up by Ijyb (15 damage)
             ... with a mindburst bolt
             ... on level 3 of the Dungeon.
             The game lasted 00:06:42 (2238 turns).

RapScallion the Trooper (Hill Orc Fighter)          Turns: 2238, Time: 00:06:43

Health: -5/33      AC:  7    Str: 20    XL:     3   Next: 93%
Magic:  3/3        EV:  9    Int:  8    God:
Gold:   145        SH:  4    Dex: 10    Spells: 2/2 levels left

rFire   . . .      SeeInvis .   a - +0 war axe
rCold   . . .      Faith    .   c - +0 buckler
rNeg    . . .      Spirit   .   b - +0 scale mail
rPois   .          Reflect  .   (no helmet)
rElec   .          Harm     .   (no cloak)
rCorr   .          Rampage  .   (no gloves)
Will    .....                   (no boots)
Stlth   ..........              (no amulet)
HPRegen 0.11/turn               (no ring)
MPRegen 0.08/turn               (no ring)

@: no status effects
A: no striking features
a: no special abilities


You were on level 3 of the Dungeon.
You visited 1 branch of the dungeon, and saw 3 of its levels.

You collected 145 gold pieces.

Inventory:

Hand Weapons
 a - a +0 war axe (weapon)
Armour
 b - a +0 scale mail (worn)
 c - a +0 buckler (worn)
Scrolls
 e - a scroll of butterflies
 g - a scroll of enchant armour {unknown}
 k - a scroll of blinking {unknown}
 m - 3 scrolls of noise
Potions
 d - a potion of might
 f - 2 potions of flight {unknown}
 h - a potion of mutation {unknown}
 i - a potion of heal wounds {unknown}
 j - a potion of degeneration {unknown}
 l - a potion of curing {unknown}
 n - a potion of berserk rage {unknown}


   Skills:
 + Level 3.9 Fighting
 + Level 3.7 Axes
 + Level 3.8 Armour
 + Level 0.5 Dodging
 + Level 3.8 Shields


You had 2 spell levels left.
You didn't know any spells.
Your spell library contained the following spells:

 Spells                   Type           Power      Damage    Failure   Level
 Call Canine Familiar     Summ           0%         N/A       99%         3
 Portal Projectile        Hex/Tloc       0%         N/A       99%         3
 Leda's Liquefaction      Hex/Erth       0%         N/A       100%        4


Dungeon Overview and Level Annotations

Branches:
Dungeon (3/15)

Altars:

Annotations:
D:2 Sigmund
D:3 Ijyb


Message History

You now have 145 gold pieces (gained 7).
Unknown command.
There is a stone staircase leading down here.
You climb downwards.
Ijyb shouts!
Ijyb closely misses you.
Found a pair of glowing boots.
There is a stone staircase leading up here.
You hit Ijyb but do no damage. Ijyb barely misses you.
You hit Ijyb.
Ijyb is lightly wounded.
You block Ijyb's attack. Ijyb hits you but does no damage.
You hit Ijyb but do no damage.
Ijyb is lightly wounded.
Ijyb hits you with a +0 club.
You barely miss Ijyb.
Ijyb is lightly wounded.
Ijyb zaps a wand.
Your mind is blasted!
You closely miss Ijyb.
Ijyb is lightly wounded.
Ijyb hits you with a +0 club. Ijyb closely misses you.
You hit Ijyb but do no damage.
Ijyb is lightly wounded.
Ijyb hits you but does no damage.
You hit Ijyb but do no damage.
Ijyb is lightly wounded.
Ijyb hits you but does no damage.
You hit Ijyb.
Ijyb is moderately wounded.
Ijyb barely misses you. Ijyb hits you with a +0 club.
You hit Ijyb but do no damage.
Ijyb is moderately wounded.
Ijyb hits you but does no damage.
You closely miss Ijyb.
Ijyb is moderately wounded.
Ijyb hits you with a +0 club.
You hit Ijyb but do no damage.
Ijyb is moderately wounded.
Ijyb hits you with a +0 club.
Ijyb zaps a wand.
Your mind is blasted!
You die...

.............n.#......#
###.##.....###.#..###.#
#.......## #.##.# #.#
######.## #.##.###.#
#.# #.##.....# #.#
#.###)#.## ##+##
#...n...# ##...##
#####.### #.@...#
#....# #..g....#
#.#.†###
#.........###...>..##
+....[....+........n.
#.........###....#.##
##.......## ###.##.#
##.....## ####.#
##...## #.# #.#


You could see Ijyb.

Vanquished Creatures
  An adder (D:2)
  2 worms (D:2)
  An orc (D:3)
  5 bats
  3 endoplasms
  3 giant cockroaches
  5 goblins
  3 hobgoblins
  2 jackals (D:2)
  3 kobolds
  6 rats
34 creatures vanquished.

Notes
Turn   | Place    | Note
-------+----------+-------------------------------------------
     0 | D:1      | RapScallion the Hill Orc Fighter began the quest for the
                  | Orb.
     0 | D:1      | Reached XP level 1. HP: 19/19 MP: 1/1
   394 | D:1      | Reached XP level 2. HP: 27/27 MP: 2/2
   531 | D:1      | Found a faded altar of an unknown god.
  1178 | D:2      | Noticed Sigmund
  1200 | D:2      | Reached XP level 3. HP: 33/33 MP: 3/3
  2110 | D:3      | Noticed a necrophage
  2227 | D:3      | Noticed Ijyb
  2238 | D:3      | Blown up by Ijyb

Illustrated notes

Levels and vault maps discovered:
D:1:      nicolae_arrival_somewhat_less_tricky_arrival, layout_loops_cross,
          shapermc_ecumenical_altar_mp_urbaneastern, minmay_pentomino_o4
D:2:      layout_basic, uniq_sigmund
D:3:      layout_loops_corners, mainiacjoe_overflow_alcove_3, serial_shops,
          shop_fountains, uniq_crazy_yiuf_cottage, uniq_ijyb

Skill      XL: |  1  2 |
---------------+-------+-----
Axes           | 3 |  3.7
Fighting       | |  3.9
Armour         | |  3.8
Dodging        | |  0.5
Shields        | |  3.8

Action                   || total
-------------------------++-------
Melee: War axe           ||   120
  Use: Scroll            ||     2
Armor: Scale mail        ||    48
Dodge: Dodged            ||    50
Block: Buckler           ||    30
